 Dungeon Sprint DCSS version bcrawl-1.13.5 (webtiles) character file.

Game seed: 13602053991998388713

7300000 Groucho the Intangible (level 27, -7/174 HPs)
             Began as a Spriggan Abyssal Knight on Aug 22, 2019.
             Was the Champion of Makhleb.
             Mangled by a meat berserker
             ... wielding a +9 battleaxe
              (38 damage)
             ... in the Dungeon (Sprint VIII: "Arena of Blood").
             The game lasted 00:03:52 (73 turns).

Groucho the Intangible (Spriggan Abyssal Knight)      Turns: 73, Time: 00:03:52

Health: -7/174     AC:  4    Str:  8    XL:     27
Magic:  32/55      EV: 43    Int: 18    God:    Makhleb [******]
Gold:   0          SH:  0    Dex: 24    Spells: 80/80 levels left

rFire    . . .     SeeInvis +   j - +โˆž Axe of Woe
rCold    . . .     Gourm    .   (shield currently unavailable)
rNeg     . . .     Faith    .   b - +0 robe
rPois    .         Spirit   .   (helmet restricted)
rElec    .         Reflect  .   (no cloak)
rCorr    .         Harm     .   (gloves unavailable)
MR       ++++.     NoTele   +   (boots unavailable)
Stlth    +++++++++.             (no amulet)
HPRegen  0.39/turn              k - +200 ring of slaying
MPRegen  0.34/turn              (no ring)

@: very quick
A: very small, unfitting armour, see invisible, herbivore, speed 3, slow
metabolism 2
a: Minor Destruction, Lesser Servant of Makhleb, Major Destruction, Greater
Servant of Makhleb, Renounce Religion


You were in the Dungeon.
You worshipped Makhleb.
Makhleb was exalted by your worship.
You were not hungry.

You visited 1 branch

Inventory:

Hand Weapons
 a - a +1 short sword
 j - the +โˆž Axe of Woe (weapon)
   (You found it in the Dungeon)
Armour
 b - a +0 robe (worn)
Jewellery
 k - a +200 ring of slaying (left hand)
 l - a +100 ring of slaying
Scrolls
 i - a scroll of blinking
Potions
 d - a potion of curing
 e - a potion of heal wounds
 f - a potion of haste
 g - 2 potions of magic
 h - a potion of berserk rage
Comestibles
 c - a ration {!d}


   Skills:
 O Level 27 Fighting
 O Level 27 Short Blades
 O Level 27 Axes
 O Level 27 Throwing
 O Level 27 Armour
 O Level 27 Dodging
 O Level 27 Stealth
 O Level 27 Unarmed Combat
 O Level 27 Spellcasting
 O Level 27 Invocations


You had 80 spell levels left.
You didn't know any spells.
Your spell library was empty.

Dungeon Overview and Level Annotations

Branches:
Dungeon (1/1)

Altars:
Makhleb

Annotations:
D The Captor


Innate Abilities, Weirdness & Mutations

You are very small and have problems with some larger weapons.
You are too small for most types of armour.
You have supernaturally acute eyesight. (SInv)
You are a herbivore.
You cover ground extremely quickly.
You need to consume almost no food.


Message History

The tyrant waves its bony arms in wide circles.
The air twists around and strikes you!
You hear a shout! x2
The meat beast hisses, "Quail, thou froward limp-willed death-token!"
You hear a shout! x2
The dread throws damnation at you.
The sphere of damnation explodes!
The damnation engulfs you!
You hear a shout!
A bag of meat comes into view. It is wielding a +9 war axe.
You hear a shout! x4
The destroyer blinks!
You hear a shout! x2
A meat beast comes into view.
You hear a shout!
The tyrant waves its bony arms in wide circles.
The air twists around and strikes you!
* * * LOW HITPOINT WARNING * * *
You hear a shout!
The meat berserker hits you with a +9 battleaxe!!!
You die...

.... .. ..... #.
...# #.. ...# .
.###.. ...###..
...%..###..o%2..
.%...._)2.o..o.
#.%).O# #_.<@_#
#%ยง)))#
L.OW.._.....
...@..###.%V...
.###.. ..%###..
#.. ...# . #.
...# oo .....


You could see 2 meat beasts, a tyrant, a destroyer, a dread, The Captor, 2 meat
berserkers and 2 bags of meat.

Vanquished Creatures
  2 greater mummies (D)
  A wraith (D)
  11 vampire knights (D)
  15 ogres (D)
  5 two-headed ogres (D)
  2 liches (D)
  21 orcs (D)
  3 skeletal warriors (D)
  3 large abominations (D)
  2 small abominations (D)
  2 crawling corpses (D)
67 creatures vanquished.

Vanquished Creatures (others)
  A crawling corpse (D)
1 creature vanquished.

Grand Total: 68 creatures vanquished

Notes
Turn   | Place    | Note
-------+----------+-------------------------------------------
     0 | D        | Found the +โˆž Axe of Woe
     0 | D        | Groucho the Spriggan Abyssal Knight began the quest for the
                  | Orb.
     0 | D        | Reached XP level 1. HP: 11/11 MP: 3/3
     0 | D        | Noticed a bag of meat
     2 | D        | Noticed a bag of meat
     3 | D        | Noticed a bag of meat
     4 | D        | Fell from the grace of Lugonu
     4 | D        | Became a worshipper of Makhleb the Destroyer
     4 | D        | Noticed a bag of meat
     4 | D        | Noticed a meat berserker
     7 | D        | Killed a bag of meat
     7 | D        | Reached XP level 2. HP: 16/16 MP: 4/4
     7 | D        | Reached XP level 3. HP: 19/19 MP: 5/5
     7 | D        | Reached XP level 4. HP: 23/23 MP: 6/6
     7 | D        | Reached XP level 5. HP: 27/27 MP: 7/7
     7 | D        | Reached XP level 6. HP: 32/32 MP: 8/8
     7 | D        | Reached XP level 7. HP: 35/35 MP: 9/9
     7 | D        | Reached XP level 8. HP: 39/39 MP: 10/10
     7 | D        | Reached XP level 9. HP: 43/43 MP: 11/11
     7 | D        | Reached XP level 10. HP: 47/47 MP: 12/12
     7 | D        | Reached XP level 11. HP: 51/51 MP: 13/13
     7 | D        | Noticed a meat berserker
     9 | D        | Killed a bag of meat
     9 | D        | Reached * piety under Makhleb
     9 | D        | Reached skill level 27 in Dodging
     9 | D        | Reached XP level 12. HP: 56/56 MP: 14/14
     9 | D        | Killed a meat berserker
     9 | D        | Reached XP level 13. HP: 59/59 MP: 15/15
     9 | D        | Reached XP level 14. HP: 63/63 MP: 16/16
    10 | D        | Killed a bag of meat
    10 | D        | Reached skill level 27 in Axes
    10 | D        | Reached skill level 5 in Fighting
    10 | D        | Killed a bag of meat
    10 | D        | Reached ** piety under Makhleb
    10 | D        | Reached XP level 15. HP: 86/86 MP: 17/17
    12 | D        | Killed a meat berserker
    15 | D        | Noticed a meat berserker
    17 | D        | Killed a meat berserker
    17 | D        | Reached XP level 16. HP: 112/112 MP: 18/18
    17 | D        | Reached *** piety under Makhleb
    18 | D        | Noticed a meat berserker
    20 | D        | Noticed a large bag of meat
    20 | D        | Noticed a meat berserker
    21 | D        | Noticed a meat berserker
    21 | D        | Noticed a meat berserker
    22 | D        | Reached skill level 27 in Fighting
    22 | D        | Reached XP level 17. HP: 121/121 MP: 19/19
    22 | D        | Noticed a large bag of meat
    23 | D        | Noticed a destroyer
    24 | D        | Killed a meat berserker
    24 | D        | Noticed a destroyer
    25 | D        | Killed a meat berserker
    25 | D        | Reached **** piety under Makhleb
    25 | D        | Reached XP level 18. HP: 127/127 MP: 20/20
    26 | D        | Killed a large bag of meat
    27 | D        | Killed a meat berserker
    27 | D        | Reached XP level 19. HP: 120/132 MP: 21/21
    28 | D        | Noticed a large bag of meat
    31 | D        | Killed a meat berserker
    31 | D        | Reached ***** piety under Makhleb
    32 | D        | Killed a destroyer
    32 | D        | Reached skill level 27 in Unarmed Combat
    32 | D        | Reached XP level 20. HP: 137/137 MP: 22/22
    32 | D        | Killed a destroyer
    32 | D        | Reached skill level 27 in Armour
    33 | D        | Killed a large bag of meat
    33 | D        | Reached skill level 27 in Invocations
    33 | D        | Reached XP level 21. HP: 119/142 MP: 22/42
    35 | D        | Noticed a large bag of meat
    35 | D        | Noticed a large bag of meat
    37 | D        | Noticed a destroyer
    38 | D        | Reached skill level 27 in Spellcasting
    40 | D        | Noticed a destroyer
    40 | D        | Noticed a destroyer
    41 | D        | Killed a large bag of meat
    41 | D        | Reached ****** piety under Makhleb
    41 | D        | Reached skill level 27 in Short Blades
    41 | D        | Reached skill level 5 in Throwing
    41 | D        | Reached XP level 22. HP: 148/148 MP: 24/54
    42 | D        | Killed a destroyer
    42 | D        | Reached skill level 27 in Throwing
    42 | D        | Noticed a destroyer
    43 | D        | Noticed a destroyer
    43 | D        | Killed a destroyer
    43 | D        | Reached skill level 27 in Stealth
    43 | D        | Reached XP level 23. HP: 153/153 MP: 24/55
    43 | D        | Killed a destroyer
    44 | D        | Killed a large bag of meat
    45 | D        | Killed a large bag of meat
    45 | D        | Reached XP level 24. HP: 142/158 MP: 25/55
    47 | D        | Killed a destroyer
    48 | D        | Killed a destroyer
    48 | D        | Reached XP level 25. HP: 163/163 MP: 25/55
    49 | D        | Noticed an accursed
    49 | D        | Noticed a destroyer
    53 | D        | Noticed a destroyer
    53 | D        | Noticed a destroyer
    54 | D        | Noticed a tyrant
    54 | D        | Noticed an accursed
    54 | D        | Killed an accursed
    54 | D        | Killed a tyrant
    54 | D        | Reached XP level 26. HP: 169/169 MP: 27/55
    54 | D        | Noticed a destroyer
    55 | D        | Killed a destroyer
    55 | D        | Noticed a tyrant
    56 | D        | Killed a destroyer
    56 | D        | Reached XP level 27. HP: 174/174 MP: 27/55
    59 | D        | Noticed a destroyer
    61 | D        | Noticed a destroyer
    62 | D        | Noticed a dread
    62 | D        | Killed a dread
    64 | D        | Noticed a large bag of meat
    65 | D        | Killed a destroyer
    66 | D        | Killed a tyrant
    66 | D        | Noticed a dread
    67 | D        | Noticed The Captor
    69 | D        | Noticed a tyrant
    70 | D        | Killed an accursed
    70 | D        | Noticed an accursed
    71 | D        | Noticed a meat beast
    72 | D        | Killed a destroyer
    73 | D        | Noticed a meat beast
    73 | D        | Mangled by a meat berserker

Skill      XL: |  1  2  3  4  5  6  7  8  9 10 11 12 13 14 15 16 17 18 19 20 21 22 |
---------------+-------------------------------------------------------------------+-----
Axes           | 16 20 25 27 | 27.0
Dodging        | 25 27 | 27.0
Fighting       | 13 24 27 | 27.0
Armour         | 6 16 21 26 27 | 27.0
Unarmed Combat | 7 17 22 27 | 27.0
Invocations    | 27 | 27.0
Spellcasting   | 16 27 | 27.0
Short Blades   | 27 | 27.0
Throwing       | 14 27 | 27.0
Stealth        | 27 | 27.0

Action                   |  1- 3 |  4- 6 |  7- 9 | 10-12 | 13-15 | 16-18 | 19-21 | 22-24 | 25-27 || total
-------------------------+-------+-------+-------+-------+-------+-------+-------+-------+-------++-------
Melee: Broad axe         |     1 |       |       |     1 |     3 |     5 |     8 |     6 |    16 ||    40
 Stab: Distracted        |       |       |       |       |       |       |       |       |     1 ||     1
Dodge: Dodged            |       |       |       |     1 |       |     1 |       |       |     1 ||     3
